 Dungeon Crawl Stone Soup version 0.29.1-15-g9cfb28693d (webtiles) character file.

Game seed: 6156172032737171982

282 FaviusArthum the Conjurer (level 6, 0/51 HPs)
             Began as a Naga Conjurer on Dec 10, 2023.
             Killed by nerve-wracking pain
             ... invoked by Grinder
              (4 damage)
             ... while paralysed by Grinder
             ... on level 3 of the Dungeon.
             The game lasted 00:19:18 (6420 turns).

FaviusArthum the Conjurer (Naga Conjurer)           Turns: 6420, Time: 00:19:19

Health: 0/51       AC:  3    Str: 12    XL:     6   Next: 28%
Magic:  1/12       EV:  1    Int: 18    God:
Gold:   91         SH:  0    Dex:  9    Spells: 3/13 levels left

rFire   + . .      SeeInvis +   m - +1 hand axe (vorpal)
rCold   . . .      Faith    .   (no shield)
rNeg    + . .      Spirit   .   (no body armour)
rPois   +          Reflect  .   w - +0 helmet
rElec   .          Harm     .   (no cloak)
rCorr   .          Rampage  .   (no gloves)
Will    .....                   (no barding)
Stlth   ++........              (no amulet)
HPRegen 0.17/turn               u - ring of positive energy
MPRegen 0.13/turn               t - ring of protection from fire

@: paralysed, very slow
A: AC +2, large, see invisible, deformed body, poison resistance, slowness 2,
spit poison 1, naga tail 1
a: Spit Poison


You were on level 3 of the Dungeon.
You visited 1 branch of the dungeon, and saw 3 of its levels.

You collected 91 gold pieces.

Inventory:

Hand Weapons
 g - a +0 spear
 m - a +1 vorpal hand axe (weapon)
Missiles
 l - 3 poisoned darts
 v - a throwing net
Armour
 a - a +0 robe
 e - a +0 cloak
 i - a +0 ring mail
 q - a +0 leather armour
 w - a +0 helmet (worn)
Jewellery
 t - a ring of protection from fire (right hand)
 u - a ring of positive energy (left hand)
Scrolls
 d - a scroll of enchant armour
 h - a scroll of fog {unknown}
 p - a scroll of enchant weapon
 r - 3 scrolls of fear {unknown}
 s - 2 scrolls of identify
Potions
 b - 2 potions of magic
 c - 2 potions of brilliance {unknown}
 j - 2 potions of heal wounds {unknown}
 k - a potion of berserk rage
 n - a potion of curing {unknown}
 o - a potion of might {unknown}


   Skills:
 * Level 1.4 Fighting
 + Level 0.4(0.5) Axes
 + Level 0.2(0.4) Polearms
 + Level 1.6 Dodging
 + Level 4.0 Stealth
 * Level 4.0 Spellcasting
 + Level 5.3 Conjurations
 * Level 1.2 Hexes


You had 3 spell levels left.
You knew the following spells:

 Your Spells              Type           Power      Damage    Failure   Level
a - Magic Dart            Conj           88%        1d7       1%          1
b - Searing Ray           Conj           44%        2d6       2%          2
c - Fulminant Prism       Conj/Hex       7%         3d7       36%         4
d - Gell's Gravitas       Tloc           3%         N/A       41%         3

Your spell library contained the following spells:

 Spells                   Type           Power      Damage    Failure   Level
 Slow                     Hex            28%        N/A       9%          1
 Dazzling Flash           Conj/Hex       30%        N/A       12%         3
 Confusing Touch          Hex            7%         N/A       26%         3
 Lesser Beckoning         Tloc           3%         N/A       41%         3
 Teleport Other           Tloc           3%         N/A       41%         3
 Vampiric Draining        Necr           3%         2d6       41%         3
 Iskenderun's Mystic Bla  Conj/Tloc      13%        2d5       45%         4


Dungeon Overview and Level Annotations

Branches:
Dungeon (3/15)

Altars:
Makhleb
Okawaru

Annotations:
D:3 Grinder


Innate Abilities, Weirdness & Mutations

Your serpentine skin is tough. (AC +2)
You have supernaturally acute eyesight. (SInv)
Armour fits poorly on your strangely shaped body.
Your system is resistant to poisons. (rPois)
You cover ground very slowly.
You can spit poison.
You have a snake-like lower body.


Message History

Your fulminant prism crackles loudly.
You see here a +0 quarterstaff.
Grinder blinks!
Your fulminant prism explodes!
The blast of energy engulfs you!
* * * LOW HITPOINT WARNING * * *
The blast of energy engulfs Grinder!
Grinder is moderately wounded.
You see here a +0 club.
Casting: Fulminant Prism (quite dangerous; 36% risk of failure)
Confirm with . or Enter, or press ? or * to list all spells.
The spell is quite dangerous to miscast (36% risk of failure)!
Continue anyway?
Aiming: Fulminant Prism (quite dangerous; 36% risk of failure)
Press: ? - help, Dir - move target You conjure a prism of explosive energy!
A fulminant prism comes into view.
Grinder hits your fulminant prism!
Your fulminant prism detonates feebly.
Grinder gestures at you. Pain shoots through your body!
* * * LOW HITPOINT WARNING * * *
Grinder gestures at you. You resist with some effort.
Casting: Fulminant Prism (quite dangerous; 36% risk of failure)
Confirm with . or Enter, or press ? or * to list all spells.
The spell is quite dangerous to miscast (36% risk of failure)!
Continue anyway?
Aiming: Fulminant Prism (quite dangerous; 36% risk of failure)
Press: ? - help, Dir - move target You conjure a prism of explosive energy!
A fulminant prism comes into view.
Grinder blinks!
Grinder gestures at you.
You suddenly lose the ability to move!
Your fulminant prism crackles loudly.
Your fulminant prism explodes!
The blast of energy engulfs Grinder!
Grinder is heavily wounded.
Grinder gestures at you. Pain shoots through your body!
You die...

## #.#≈≈§##### #.#.........# #
#######.#...#...######...)).#####
##......#._.#.......).......).[..
....###.#...#.......############)
....# #.####'.......### #######)
##### #......##..)....# ...##.=
#..# #......##.).....# #.#...
(.(######.#####..5....# #.5..#
##.##..##.# #.@...).# #.....
###.....#.# #.....### #..... #
#.......# ####### # #.#... #
#....#### #. ###.#... # ##...# #
#.##...#... # #####
....#....#.#... ####
#.....5..#.#### ...# #.#.####.#.#
...# # #.#'####


You could see Grinder (fast).

Vanquished Creatures
  A necrophage (D:3)
  Terence (D:3)
  Robin (D:3)
  3 gnolls
  6 adders
  2 worms
  A dart slug (D:1)
  6 orcs
  7 ball pythons
  5 bats
  5 endoplasms
  2 giant cockroaches
  14 goblins
  10 hobgoblins
  3 kobolds
  2 quokkas (D:3)
  3 frilled lizards
  21 rats
93 creatures vanquished.

Vanquished Creatures (others)
  5 fulminant prisms (D:3)
  3 fungi (D:3)
8 creatures vanquished.

Grand Total: 101 creatures vanquished

Notes
Turn   | Place    | Note
-------+----------+-------------------------------------------
     0 | D:1      | FaviusArthum the Naga Conjurer began the quest for the Orb.
     0 | D:1      | Reached XP level 1. HP: 15/15 MP: 3/3
   651 | D:1      | Reached XP level 2. HP: 14/22 MP: 1/5
   973 | D:1      | Learned a level 2 spell: Searing Ray
  1888 | D:2      | Reached XP level 3. HP: 17/28 MP: 0/6
  2739 | D:2      | Found a faded altar of an unknown god.
  2755 | D:2      | Reached XP level 4. HP: 37/37 MP: 5/7
  2760 | D:2      | Learned a level 4 spell: Fulminant Prism
  2893 | D:2      | Reached skill level 5 in Conjurations
  3352 | D:3      | Noticed Robin
  3582 | D:3      | Killed Robin
  4220 | D:3      | Reached skill level 1 in Fighting
  4220 | D:3      | Reached XP level 5. HP: 44/44 MP: 4/9
  4436 | D:3      | Reached skill level 1 in Hexes
  4807 | D:3      | Reached XP level 6. HP: 51/51 MP: 1/11
  4982 | D:3      | Found a burning altar of Makhleb.
  4985 | D:3      | Found an iron altar of Okawaru.
  4990 | D:3      | Noticed Terence
  5039 | D:3      | Noticed Grinder
  5130 | D:3      | HP: 2/51 [rat (1)]
  5862 | D:3      | Killed Terence
  6162 | D:3      | Learned a level 3 spell: Gell's Gravitas
  6390 | D:3      | Paralysed by Grinder for 3 turns
  6398 | D:3      | Paralysed by Grinder for 2 turns
  6418 | D:3      | Paralysed by Grinder for 5 turns
  6420 | D:3      | Killed from afar by Grinder

Illustrated notes

Levels and vault maps discovered:
D:1:      dpeg_arrival_rooms_a, layout_loops_corners, minmay_misc_feat_cross,
          minmay_misc_feat_plants, kennysheep_pointless_box,
          hangedman_glass_teeth, grunt_decor_clamped
D:2:      layout_loops_cross, hellmonk_ecumenical_altar_defaced_shrine,
          minmay_diced_spiral
D:3:      layout_basic, mainiacjoe_overflow_divided_tiny, grunt_decor_arrowhead,
          minmay_rat_hole, uniq_crazy_yiuf_cottage, uniq_grinder, uniq_terence,
          uniq_robin

Skill      XL: |  1  2  3  4  5  6 |
---------------+-------------------+-----
Conjurations   | 5 |  5.3
Spellcasting   | 3 4 |  4.0
Fighting       | 1 |  1.4
Hexes          | 1 |  1.2
Stealth        | 4 |  4.0
Axes           | |  0.4
Polearms       | |  0.2
Dodging        | |  1.6

Action                   |  1- 3 |  4- 6 || total
-------------------------+-------+-------++-------
Melee: Spear             |     7 |       ||     7
       Unarmed           |     1 |       ||     1
       Hand axe          |     1 |    30 ||    31
 Cast: Magic Dart        |    52 |   112 ||   164
       Searing Ray       |     5 |    12 ||    17
       Fulminant Prism   |       |     5 ||     5
 Abil: Spit Poison       |     1 |       ||     1
  Use: Scroll            |     4 |     4 ||     8
       Potion            |       |     1 ||     1
Armor: Skin              |     2 |    13 ||    15
Dodge: Dodged            |    14 |    41 ||    55
